 Dungeon Crawl Stone Soup version 0.23-a0-329-g6f3f904 (webtiles) character file.

11295 coffeespoons the Slinger (level 12, -1/82 HPs)
             Began as a Halfling Hunter on Oct 16, 2018.
             Was a High Priest of Okawaru.
             Shot with a bolt by a yaktaur captain (33 damage)
             ... on level 11 of the Dungeon.
             The game lasted 00:58:28 (14721 turns).

coffeespoons the Slinger (Halfling Hunter)         Turns: 14721, Time: 00:58:29

Health: -1/82      AC: 17    Str: 18    XL:     12   Next: 6%
Magic:  21/21      EV: 16    Int:  9    God:    Okawaru [*****.]
Gold:   759        SH:  0    Dex: 20    Spells: 11/11 levels left

rFire    . . .     SeeInvis .   a - +5 rapier of the Unseen Realm {elec, rPois MP+9}
rCold    . . .     Gourm    .   (shield restricted)
rNeg     . . .     Faith    +   k - +0 chain mail (curse)
rPois    +         Spirit   .   p - +2 helmet
rElec    .         Reflect  .   O - +0 cloak
rCorr    .         Harm     .   (no gloves)
MR       .....                  D - +0 pair of boots
Stlth    ..........             s - amulet of faith
HPRegen  0.23/turn              E - +5 ring of strength
MPRegen  0.17/turn              Y - ring of poison resistance

@: no status effects
A: small, mutation resistance 1
a: Heroism, Finesse, Renounce Religion


You were on level 11 of the Dungeon.
You worshipped Okawaru.
Okawaru was extremely pleased with you.
You were not hungry.

You visited 2 branches of the dungeon, and saw 12 of its levels.

You collected 759 gold pieces.

Inventory:

Hand Weapons
 a - the +5 rapier of the Unseen Realm (weapon) {elec, rPois MP+9}
   (You found it on level 6 of the Dungeon)

   Occasionally, upon striking a foe, it will discharge some electrical energy
   and cause terrible harm.
   It protects you from poison.
   It affects your magic capacity (+9).
 b - a +1 hunting sling
 j - a +0 blowgun
 J - a +2 spear of venom
Missiles
 d - 4 throwing nets
 i - 517 stones (quivered)
 t - 135 sling bullets
 A - 45 poisoned needles
Armour
 k - a cursed +0 chain mail (worn)
 p - a +2 helmet (worn)
 D - a +0 pair of boots (worn)
 O - a +0 cloak (worn)
 S - a +2 cloak of poison resistance
Jewellery
 c - a +2 ring of slaying
 s - an amulet of faith (around neck)
 E - a +5 ring of strength (left hand)
 K - a +2 amulet of reflection
 R - an uncursed ring of ice
 Y - a ring of poison resistance (right hand)
Wands
 w - a wand of acid (6)
 C - a wand of scattershot (6)
 H - a wand of flame (35)
 N - a wand of disintegration (19)
 P - a wand of iceblast (7)
 U - a wand of polymorph (30)
Scrolls
 g - a scroll of torment {unknown}
 h - 4 scrolls of magic mapping
 o - 6 scrolls of teleportation
 r - 4 scrolls of remove curse
 u - 2 scrolls of blinking
 x - a scroll of silence {unknown}
 G - 2 scrolls of enchant armour
 I - a scroll of vulnerability
 L - a scroll of enchant weapon
 Q - a scroll of noise {unknown}
Potions
 e - 2 potions of cancellation {unknown}
 m - a potion of haste
 n - 2 potions of brilliance
 q - 6 potions of curing
 v - 4 potions of lignification
 B - a potion of invisibility
 F - a potion of might {unknown}
 M - 3 potions of agility
 V - a potion of flight
Miscellaneous
 y - a fan of gales
 Z - a box of beasts
Comestibles
 f - 9 rations
 z - 6 chunks of flesh


   Skills:
 + Level 8.1 Fighting
   Level 5.1 Long Blades
 - Level 14.0 Slings
 + Level 9.4 Armour
 + Level 9.5 Dodging
 - Level 1.1 Stealth


You had 11 spell levels left.
You didn't know any spells.
Your spell library contained the following spells:

 Spells                   Type           Power        Failure   Level  Hunger
 Shock                    Conj/Air       #...         98%         1    ##.....
 Summon Small Mammal      Summ           #...         98%         1    ##.....
 Call Imp                 Summ           #.......     99%         2    ###....
 Swiftness                Chrm/Air       #.......     99%         2    ###....
 Call Canine Familiar     Summ           #.......     100%        3    ####...
 Static Discharge         Conj/Air       #.......     100%        3    ####...
 Summon Guardian Golem    Hex/Summ       #.......     100%        3    ####...
 Airstrike                Air            #.........   100%        4    #####..
 Summon Ice Beast         Ice/Summ       #.......     100%        4    #####..
 Summon Lightning Spire   Summ/Air       #.......     100%        4    #####..
 Lightning Bolt           Conj/Air       #.........   100%        5    ######.


Dungeon Overview and Level Annotations

Branches:
Dungeon (11/15)            Temple (1/1) D:4             Orc (0/2) D:9
   Lair: D:8-11

Altars:
Ashenzari
Cheibriados
Dithmenos
Elyvilon
Hepliaklqana
Kikubaaqudgha
Makhleb
Okawaru
Qazlal
Ru
Trog
Vehumet
Xom
Yredelemnul
The Shining One

Shops:
D:5 *   D:9 (   D:11 *

Annotations:
D:6 exclusion: statue
D:10 ring mag power, amnesia, arrows etc, 2 mutes


Innate Abilities, Weirdness & Mutations

You are small and have problems with some larger weapons.
You are somewhat resistant to further mutation.


Message History

The centaur shouts!
The centaur wields a +0 shortbow.
The centaur shoots an arrow.
The arrow barely misses you.
As you read the scroll of fear, it crumbles to dust.
You assume a fearsome visage.
The red ugly thing looks frightened!
The centaur looks frightened!
The leopard gecko looks frightened!
A five-headed hydra comes into view.
As you read the scroll of teleportation, it crumbles to dust.
You feel strangely unstable.
The five-headed hydra roars!
You see here a hand axe.
Your surroundings suddenly seem different.
Found a rapier.
You close the door.
You start resting.
The yaktaur captain is too close now for your liking.
You open the door.
The yaktaur captain shouts!
The yaktaur captain shoots a bolt.
The bolt hits you!!
You die...

... ........ ...
#...... ...P
#)...... ....
#....c...###
....# ..... #...
.?...§(##..#
..... #.. #§§§.#
.....##+#'##
##§###
..........@# #§#
...........# #§#
...........#
###§#
......>....#
#§§§# ##.......#
#§#.# #.......##
#.#.#
#####........#
#.#.#
##.....c.<....#
#.#.#
##.............#
#.#.#


You could see a yaktaur captain.

Vanquished Creatures
  Harold (D:10)
  A two-headed ogre (D:8)
  An ogre mage (D:11)
  A death yak (D:11)
  An unseen horror (D:10)
  An elephant (D:11)
  A centaur skeleton (D:11)
  Maurice (D:8)
  2 trolls
  A hippogriff (D:7)
  2 wyverns
  A wraith (D:10)
  A basilisk (D:11)
  4 hogs (D:10)
  2 hungry ghosts
  A human (D:10)
  An acid dragon (D:11)
  A soldier ant (D:11)
  8 orc warriors
  An ice beast (D:11)
  3 phantoms
  A black bear (D:6)
  A necrophage (D:10)
  An ogre (D:4)
  5 centaurs
  A boggart (D:11)
  A crocodile (D:9)
  7 big kobolds
  5 bullfrogs
  A scorpion (D:4)
  4 killer bees (D:11)
  3 wights (D:8)
  3 howler monkeys
  2 bullfrog zombies
  A centaur zombie (D:9)
  3 crimson imps
  5 jellies
  3 hounds
  3 bullfrog skeletons
  6 orc priests
  Crazy Yiuf (D:7)
  15 orc wizards
  3 iguanas
  8 worker ants
  A killer bee zombie (D:8)
  A hound skeleton (D:4)
  9 adders
  6 gnolls
  2 shadow imps
  2 oozes
  An adder zombie (D:9)
  2 worms
  2 dart slugs
  5 leopard geckos
  30 orcs
  2 ball pythons
  3 giant cockroaches
  8 goblins
  6 hobgoblins
  17 jackals
  42 kobolds
  5 quokkas
  5 bats
  2 frilled lizards
  A leopard gecko zombie (D:9)
  A quokka zombie (D:9)
  6 rats
278 creatures vanquished.

Notes
Turn   | Place    | Note
-------+----------+-------------------------------------------
     0 | D:1      | coffeespoons the Halfling Hunter began the quest for the
                  | Orb.
     0 | D:1      | Reached XP level 1. HP: 14/14 MP: 1/1
    41 | D:1      | Reached skill level 6 in Slings
   196 | D:1      | Reached XP level 2. HP: 19/19 MP: 2/2
   694 | D:1      | Reached skill level 7 in Slings
   694 | D:1      | Reached XP level 3. HP: 22/24 MP: 3/3
   940 | D:2      | Reached XP level 4. HP: 29/29 MP: 4/4
   958 | D:2      | Reached skill level 8 in Slings
  1401 | D:2      | Found a glowing golden altar of the Shining One.
  1401 | D:2      | Found a stormy altar of Qazlal.
  1558 | D:3      | Reached XP level 5. HP: 34/34 MP: 5/5
  1769 | D:3      | Reached skill level 9 in Slings
  1950 | D:3      | You fall through a shaft for 2 floors!
  1950 | D:5      | Entered Level 5 of the Dungeon
  1993 | D:5      | Found an ancient bone altar of Kikubaaqudgha.
  2008 | D:5      | Noticed a phantom
  2076 | D:5      | Killed a phantom
  2076 | D:5      | Reached skill level 1 in Armour
  2076 | D:5      | Reached XP level 6. HP: 25/39 MP: 6/6
  2517 | D:5      | Found Watoxobi's General Store.
  2599 | D:5      | Reached skill level 10 in Slings
  2599 | D:5      | Reached XP level 7. HP: 29/45 MP: 7/7
  3573 | D:4      | Found a staircase to the Ecumenical Temple.
  3598 | Temple   | Entered the Ecumenical Temple
  3655 | Temple   | Became a worshipper of Warmaster Okawaru
  3976 | D:4      | Reached XP level 8. HP: 52/52 MP: 8/8
  4389 | D:4      | Reached skill level 11 in Slings
  4577 | D:4      | Reached * piety under Okawaru
  4895 | D:4      | Found a shattered altar of Ashenzari.
  4895 | D:4      | Found a hazy altar of Hepliaklqana.
  4929 | D:4      | Found a burning altar of Makhleb.
  4929 | D:4      | Found a sacrificial altar of Ru.
  4929 | D:4      | Found a white marble altar of Elyvilon.
  4930 | D:4      | Found a bloodstained altar of Trog.
  4934 | D:4      | Found a snail-covered altar of Cheibriados.
  5633 | D:6      | Reached XP level 9. HP: 43/58 MP: 9/9
  5782 | D:6      | Found a radiant altar of Vehumet.
  5876 | D:6      | Reached skill level 12 in Slings
  5937 | D:6      | Reached skill level 1 in Long Blades
  5937 | D:6      | Reached skill level 5 in Dodging
  6092 | D:6      | Got a brightly glowing rapier
  6093 | D:6      | Identified the +5 rapier of the Unseen Realm {elec, rPois
                  | MP+9} (You found it on level 6 of the Dungeon)
  6288 | D:7      | Reached ** piety under Okawaru
  6449 | D:7      | Found a burning altar of Makhleb.
  6464 | D:7      | Noticed a hippogriff
  6506 | D:7      | Killed a hippogriff
  6915 | D:7      | Found a runed door.
  7018 | D:7      | Noticed Crazy Yiuf
  7022 | D:7      | Killed Crazy Yiuf
  7104 | D:8      | Reached skill level 5 in Armour
  7118 | D:8      | Noticed a two-headed ogre
  7119 | D:8      | Noticed Maurice
  7455 | D:8      | Reached skill level 13 in Slings
  7482 | D:8      | Reached *** piety under Okawaru
  7663 | D:8      | Reached skill level 5 in Fighting
  7742 | D:8      | Found a shimmering altar of Xom.
  8092 | D:8      | Killed a two-headed ogre
  8092 | D:8      | Received a gift from Okawaru
  8092 | D:8      | Reached **** piety under Okawaru
  8092 | D:8      | Reached XP level 10. HP: 57/66 MP: 8/10
  8727 | D:8      | Received a gift from Okawaru
  9632 | D:8      | Killed Maurice
  9632 | D:8      | Reached skill level 14 in Slings
  9661 | D:9      | Found Piozxuli's Weapon Shop.
  9684 | D:9      | Received a gift from Okawaru
 10576 | D:9      | Found a staircase to the Orcish Mines.
 10599 | D:9      | Reached XP level 11. HP: 20/72 MP: 11/11
 10888 | D:9      | Reached skill level 5 in Long Blades
 11335 | D:10     | Entered Level 10 of the Dungeon
 12178 | D:10     | Noticed Harold
 12576 | D:11     | Found an ancient bone altar of Kikubaaqudgha.
 12966 | D:10     | Killed an unseen horror
 12966 | D:10     | Received a gift from Okawaru
 13023 | D:10     | Killed Harold
 13086 | D:10     | Reached ***** piety under Okawaru
 13651 | D:11     | Noticed an elephant
 13683 | D:11     | Received a gift from Okawaru
 13772 | D:11     | Killed an elephant
 13934 | D:11     | Noticed a death yak
 13959 | D:11     | Killed a death yak
 13959 | D:11     | Received a gift from Okawaru
 14122 | D:11     | Noticed a yaktaur captain
 14132 | D:11     | HP: 3/76 [yaktaur captain/bolt (13)]
 14132 | D:11     | HP: 1/76 [yaktaur captain/bolt (2)]
 14590 | D:11     | Found Iluo's Changing Room.
 14694 | D:11     | Noticed an ogre mage
 14700 | D:11     | Killed an ogre mage
 14700 | D:11     | Received a gift from Okawaru
 14700 | D:11     | Reached XP level 12. HP: 62/82 MP: 12/12
 14705 | D:11     | Noticed a deep troll earth mage
 14710 | D:11     | Noticed a five-headed hydra
 14721 | D:11     | Shot with a bolt by a yaktaur captain

Vault maps used:
D:1:      erik_arrival_cave_to_civilisation
D:2:      gammafunk_temple_overflow_pools, first_ration, minmay_pentomino_r4
D:3:      serial_curves, eino_curves_01, eino_curves_04
D:4:      minmay_goblin_kobold_castle, minitemple, temple_pool_b
D:5:      nicolae_overflow_hidden_temple, serial_shops, nicolae_shop_waterfront
D:6:      vehumet_statue, minmay_misc_feat_encased
D:7:      basic_altar, uniq_crazy_yiuf_cottage
D:8:      xom_teletrap_fun, uniq_maurice
D:9:      david_orc_1_choice, serial_shops, shop
D:10:     grunt_livestock, uniq_harold
D:11:     minmay_box_of_curves, david_lair_generic, basic_altar, st_stairs_9,
          nicolae_transmutations_shop
Temple:   minmay_temple_curvy_loop

Skill      XL: |  1  2  3  4  5  6  7  8  9 10 11 |
---------------+----------------------------------+-----
Slings         | 6 7 8 9 10 11 13 14 | 14.0
Fighting       | 2 3 4 5 6 8 |  8.1
Armour         | 1 2 3 4 5 7 9 |  9.4
Dodging        | 3 4 6 7 9 |  9.5
Long Blades    | 3 4 5 |  5.1
Stealth        | |  1.1

Action                   |  1- 3 |  4- 6 |  7- 9 | 10-12 || total
-------------------------+-------+-------+-------+-------++-------
Melee: Short sword       |     3 |    10 |       |       ||    13
       Dagger            |    37 |       |       |       ||    37
       Spear             |       |   137 |   205 |       ||   342
       Rapier            |       |       |    30 |   374 ||   404
       Punch             |       |       |       |     5 ||     5
 Fire: Hunting sling     |    38 |    20 |   205 |    58 ||   321
Throw: Stone             |       |       |    10 |       ||    10
Invok: Heroism           |       |       |     3 |    15 ||    18
Evoke: Wand              |       |       |     2 |     3 ||     5
  Use: Scroll            |       |    15 |     2 |    14 ||    31
       Potion            |       |       |     1 |     1 ||     2
 Stab: Sleeping          |     2 |     2 |     1 |       ||     5
  Eat: Chunk             |       |     2 |    13 |     8 ||    23
       Ration            |       |     1 |     1 |     6 ||     8
Armor: Leather armour    |     9 |     8 |       |       ||    17
       Ring mail         |       |    37 |    91 |    11 ||   139
       Chain mail        |       |       |       |   182 ||   182
Dodge: Dodged            |    42 |    78 |   198 |   291 ||   609

Table legend:
 A = Non-vault XP
 B = Vault XP
 C = Vault XP percentage of total XP
 D = Non-vault monster count
 E = Vault monster count
 F = Vault count percentage of total count
                 A         B        C        D         E       F
            +---------+---------+-------+---------+---------+-------
      Total |    9387 |    6749 |  41.8 |     202 |      76 |  27.3
            +---------+---------+-------+---------+---------+-------
        D:1 |      25 |       4 |  13.8 |      14 |       2 |  12.5
        D:2 |      96 |      12 |  11.1 |      23 |       4 |  14.8
        D:3 |      49 |       0 |   0.0 |      11 |       0 |   0.0
        D:4 |     510 |     569 |  52.7 |      18 |      42 |  70.0
        D:5 |     439 |     105 |  19.3 |      15 |       2 |  11.8
        D:6 |     363 |       0 |   0.0 |       6 |       0 |   0.0
        D:7 |     776 |      40 |   4.9 |      17 |       1 |   5.6
        D:8 |    2395 |     426 |  15.1 |      34 |       1 |   2.9
        D:9 |    1562 |     756 |  32.6 |      30 |       9 |  23.1
       D:10 |    1578 |    1986 |  55.7 |      17 |       6 |  26.1
       D:11 |    1594 |    2851 |  64.1 |      17 |       9 |  34.6
            +---------+---------+-------+---------+---------+-------
